 Dungeon Crawl Stone Soup version 0.29.1-15-g9cfb28693d (console) character file.

Game seed: 17637638937802378979

6958 om the Covert (level 11, -2/89 HPs)
             Began as a Gnoll Delver on Apr 28, 2023.
             Was an Elder of Okawaru.
             Slain by a death yak (22 damage)
             ... on level 7 of the Dungeon.
             The game lasted 00:20:04 (10260 turns).

om the Covert (Gnoll Delver)                       Turns: 10260, Time: 00:20:06

Health: -2/89      AC: 17    Str: 15    XL:     11   Next: 7%
Magic:  19/20      EV: 23    Int:  9    God:    Okawaru [****..]
Gold:   362        SH:  5    Dex: 15    Spells: 21/22 levels left

rFire   + . .      SeeInvis +   b - +6 rapier {freeze, rPois}
rCold   . . .      Faith    .   (no shield)
rNeg    . . .      Spirit   .   J - +4 scale mail {rF+}
rPois   +          Reflect  +   O - +0 hat {SInv}
rElec   .          Harm     .   N - +0 cloak {rCorr}
rCorr   +          Rampage  .   x - +0 pair of gloves
Will    .....                   q - +0 pair of boots
Stlth   +++++.....              s - amulet of reflection
HPRegen 0.24/turn               a - ring of the Hare {EV+8}
MPRegen 0.17/turn               (no ring)

@: heroic
A: fangs 1, strong nose, distributed training
a: Renounce Religion, Heroism, Finesse


You were on level 7 of the Dungeon.
You worshipped Okawaru.
Okawaru was greatly pleased with you.
You visited 2 branches of the dungeon, and saw 9 of its levels.
You also visited: Ossuary.

You collected 362 gold pieces.

Inventory:

Hand Weapons
 b - the +6 rapier of the Ten Visions (weapon) {freeze, rPois}
   (You took it off a gnoll on level 7 of the Dungeon)

   It freezes those it strikes, dealing additional cold damage.
   It can also slow down cold-blooded creatures.
   rPois:     It protects you from poison.
 E - a +1 whip of electrocution
Missiles
 L - a boomerang of dispersal (quivered)
 P - 3 silver javelins
Armour
 q - a +0 pair of boots (worn)
 x - a +0 pair of gloves (worn)
 J - a +4 scale mail of fire resistance (worn)
 N - a +0 cloak of preservation (worn)
 O - a +0 hat of see invisible (worn)
Jewellery
 a - the ring of the Hare (left hand) {EV+8}
   (You found it on level 6 of the Dungeon)

   [ring of evasion]

   EV:        It affects your evasion (+8).
 f - a ring of fire
 s - an amulet of reflection (around neck)
 I - a ring of flight
 M - a ring of fire
Wands
 g - a wand of digging (11)
 y - a wand of flame (20)
 G - a wand of polymorph (2)
Scrolls
 c - 4 scrolls of fog
 d - 2 scrolls of magic mapping
 e - a scroll of brand weapon {unknown}
 i - 2 scrolls of poison
 k - a scroll of silence
 l - a scroll of amnesia {unknown}
 r - a scroll of enchant armour {unknown}
 A - a scroll of teleportation
 B - a scroll of immolation {unknown}
Potions
 h - a potion of lignification {unknown}
 j - a potion of magic
 m - a potion of invisibility {unknown}
 o - 2 potions of berserk rage
 p - 2 potions of brilliance
 t - 2 potions of cancellation
 u - a potion of degeneration {unknown}
 v - a potion of curing
 w - a potion of attraction {unknown}
 z - a potion of flight {unknown}
 C - a potion of resistance {unknown}
 D - 3 potions of ambrosia
 F - 2 potions of might
 H - a potion of heal wounds {unknown}
Miscellaneous
 n - a box of beasts


   Skills:
 + Level 9.1(14.1) Fighting
 + Level 6.1(11.1) Short Blades
 + Level 6.1(11.1) Long Blades
 + Level 6.1(11.1) Axes
 + Level 7.7(12.7) Maces & Flails
 + Level 6.1(11.1) Polearms
 + Level 6.1(11.1) Staves
 + Level 6.1(11.1) Ranged Weapons
 + Level 6.1(11.1) Throwing
 + Level 6.1(11.1) Armour
 + Level 7.7(12.7) Dodging
 + Level 11.3(16.3) Stealth
 + Level 6.1(11.1) Shields
 + Level 6.1(11.1) Unarmed Combat
 + Level 6.1 Spellcasting
 + Level 5.1 Conjurations
 + Level 5.1 Hexes
 + Level 5.1 Summonings
 + Level 5.1 Necromancy
 + Level 5.1 Translocations
 + Level 5.1 Transmutations
 + Level 5.1 Fire Magic
 + Level 5.1 Ice Magic
 + Level 5.1 Air Magic
 + Level 5.1 Earth Magic
 + Level 5.1 Poison Magic
 + Level 6.7 Invocations
 + Level 6.1 Evocations


You had 21 spell levels left.
You knew the following spells:

 Your Spells              Type           Power      Damage    Failure   Level
a - Magic Dart            Conj           44%        1d5       8%          1

Your spell library contained the following spells:

 Spells                   Type           Power      Damage    Failure   Level
 Searing Ray              Conj           22%        2d5       12%         2
 Corpse Rot               Necr/Pois/Air  11%        N/A       61%         4
 Dispel Undead            Necr           11%        3d9       61%         4
 Fulminant Prism          Conj/Hex       5%         3d7       61%         4
 Death Channel            Necr           Unusable   N/A       N/A         6

Dungeon Overview and Level Annotations

Branches:
Dungeon (8/15)             Temple (1/1) D:4            Lair (0/5) D:8
Ossuary (visited)

Altars:
Ashenzari
Cheibriados
Dithmenos
Elyvilon
Fedhas
Gozag
Hepliaklqana
Kikubaaqudgha
Makhleb
Nemelex Xobeh
Okawaru
Qazlal
Ru
Sif Muna
Trog
Uskayaw
Vehumet
Wu Jian
Xom
Yredelemnul
Zin
The Shining One

Shops:
D:1 (   D:7 *


Innate Abilities, Weirdness & Mutations

You have very sharp teeth.
Your uncanny sense of smell can sniff out nearby items.
Your experience applies equally to all skills.


Message History

The death yak misses you.
You hit the death yak but do no damage.
You punch the death yak, but do no damage.
You bite the death yak, but do no damage.
The death yak is moderately wounded.
You barely miss the death yak.
The death yak is moderately wounded.
The death yak gores you.
You hit the death yak but do no damage.
The death yak is moderately wounded.
The death yak gores you.
You completely miss the death yak.
The death yak is moderately wounded.
You puncture the death yak! You freeze the death yak.
The death yak is heavily wounded.
The death yak gores you but does no damage.
You completely miss the death yak.
The death yak is heavily wounded.
You block the death yak's attack.
You hit the death yak but do no damage. Your bite misses the death yak.
The death yak is heavily wounded.
You hit the death yak. You freeze the death yak.
The death yak is severely wounded.
The death yak misses you.
You hit the death yak but do no damage.
The death yak is severely wounded.
The death yak gores you!!
* * * LOW HITPOINT WARNING * * *
Aiming: Polymorph
Press: ? - help, Shift-Dir - straight line, f - death yak
Aim: a death yak (heavily wounded, will become a basilisk, a yellow draconian, or an ice dragon, chance to affect: 6%)
Okay, then.
Okay, then.
Aiming: Throw Flame
Press: ? - help, Shift-Dir - straight line, f - death yak
Aim: a death yak (heavily wounded, 91% to hit)
The puff of flame hits the death yak!
The death yak is severely wounded.
The death yak gores you!!
You die...

##Y# ##.....#..#..#... #o#
##Y#..#..).##..# ######c#
#.#..##...#...# #...##o#
#.##..#..##..## #.#...o#
#..##.##.#(.## #...####
##..##.#...## ##.##
##....###.### #.#
#######....##.|#..## #.#
#...Y@....##..###..##
#.####.#####..##.#.....#.##
#.............#...##.##...#
######.#####..#.#.#...#.#.#
#.# #...##...#...##.
#.#####..#.#.#.).#.#.#
#........#...##.##...#
########.##.#.....#.##
#..##..###..##.


You could see a death yak.

Vanquished Creatures
  2 death yaks (D:7)
  A cyclops (D:7)
  A gargoyle (D:6)
  An unseen horror (D:7)
  Maggie (D:7)
  Prince Ribbit (D:6)
  A wyvern (D:7)
  A shadow (D:7)
  5 yaks (D:7)
  4 water moccasins
  3 black bears
  2 sky beasts
  An ice beast (D:4)
  3 centaurs
  3 kobold brigands
  8 bullfrogs
  2 necrophages
  2 scorpions
  6 water moccasin zombies (Ossuary)
  2 howler monkeys
  3 hounds
  2 jellies (D:6)
  3 orc priests
  Crazy Yiuf (D:7)
  5 orc wizards
  3 iguanas
  2 mummies (Ossuary)
  5 gnolls
  8 adders
  A shadow imp (D:8)
  A white imp (D:5)
  An ufetubus (D:7)
  4 adder zombies (Ossuary)
  5 dart slugs
  29 orcs
  2 bats
  8 endoplasms
  3 giant cockroaches
  7 goblins
  3 hobgoblins
  4 jackals (D:4)
  16 kobolds
  3 quokkas
  13 ball pythons
  2 frilled lizards
  4 gnoll zombies (Ossuary)
  5 hobgoblin zombies (Ossuary)
  4 kobold zombies (Ossuary)
  5 orc zombies (Ossuary)
  5 rats
207 creatures vanquished.

Vanquished Creatures (others)
  An orc wizard (D:7)
  6 fungi (D:5)
7 creatures vanquished.

Grand Total: 214 creatures vanquished

Notes
Turn   | Place    | Note
-------+----------+-------------------------------------------
     0 | D:5      | Reached skill level 9 in Stealth
     0 | D:5      | om the Gnoll Delver began the quest for the Orb.
     0 | D:5      | Reached XP level 1. HP: 23/23 MP: 1/1
     3 | D:5      | Noticed an orc wizard
     8 | D:5      | Noticed a black bear
    43 | D:4      | Reached XP level 2. HP: 15/29 MP: 2/2
   319 | D:2      | Reached XP level 3. HP: 20/35 MP: 3/3
   906 | D:1      | Reached skill level 1 in Invocations
  1002 | D:1      | Found Wicsed Foda's Antique Weapon Emporium.
  1485 | D:2      | Reached skill level 1 in Short Blades
  1485 | D:2      | Reached skill level 1 in Long Blades
  1485 | D:2      | Reached skill level 1 in Axes
  1485 | D:2      | Reached skill level 1 in Polearms
  1485 | D:2      | Reached skill level 1 in Staves
  1485 | D:2      | Reached skill level 1 in Ranged Weapons
  1485 | D:2      | Reached skill level 1 in Throwing
  1485 | D:2      | Reached skill level 1 in Armour
  1485 | D:2      | Reached skill level 1 in Shields
  1485 | D:2      | Reached skill level 1 in Unarmed Combat
  1485 | D:2      | Reached skill level 1 in Spellcasting
  1485 | D:2      | Reached skill level 1 in Evocations
  1753 | D:2      | Reached XP level 4. HP: 41/41 MP: 5/5
  2050 | D:3      | Learned a level 1 spell: Magic Dart
  2119 | D:3      | Identified the +0 ring mail of Oqololur {rPois Will+ Int-2
                  | Stlth+}
  2468 | D:3      | Reached skill level 1 in Conjurations
  2468 | D:3      | Reached skill level 1 in Hexes
  2468 | D:3      | Reached skill level 1 in Summonings
  2468 | D:3      | Reached skill level 1 in Necromancy
  2468 | D:3      | Reached skill level 1 in Translocations
  2468 | D:3      | Reached skill level 1 in Transmutations
  2468 | D:3      | Reached skill level 1 in Fire Magic
  2468 | D:3      | Reached skill level 1 in Ice Magic
  2468 | D:3      | Reached skill level 1 in Air Magic
  2468 | D:3      | Reached skill level 1 in Earth Magic
  2468 | D:3      | Reached skill level 1 in Poison Magic
  2519 | D:3      | Found a large runed translucent door.
  2520 | D:3      | Found a large runed translucent door.
  2520 | D:3      | Found a shimmering altar of Xom.
  3014 | D:4      | Found a staircase to the Ecumenical Temple.
  3361 | D:4      | Reached XP level 5. HP: 35/47 MP: 5/7
  3797 | D:4      | Reached XP level 6. HP: 50/53 MP: 8/8
  3828 | D:4      | Found a glowing golden altar of the Shining One.
  3835 | D:4      | Found a stormy altar of Qazlal.
  3841 | D:4      | Found a radiant altar of Vehumet.
  3848 | D:4      | Found an ancient bone altar of Kikubaaqudgha.
  3854 | D:4      | Found a broken altar of Ashenzari.
  3861 | D:4      | Found an ornate altar of the Wu Jian Council.
  3867 | D:4      | Found a sparkling altar of Nemelex Xobeh.
  4093 | D:5      | Noticed a water moccasin
  4099 | D:5      | Reached skill level 5 in Maces & Flails
  4099 | D:5      | Reached skill level 5 in Dodging
  4106 | D:5      | Killed a water moccasin
  4117 | D:5      | Noticed an ice beast
  4474 | D:4      | Killed an ice beast
  4475 | D:4      | Reached XP level 7. HP: 60/60 MP: 10/10
  4577 | D:5      | Reached skill level 10 in Stealth
  5165 | D:6      | Found the ring of the Hare {EV+8}
  5168 | D:6      | Found a sand-covered staircase.
  5182 | Ossuary  | Entered an ossuary
  5279 | Ossuary  | Reached XP level 8. HP: 64/67 MP: 12/12
  6342 | Temple   | Entered the Ecumenical Temple
  6461 | Temple   | Became a worshipper of Warmaster Okawaru
  6642 | D:6      | Reached XP level 9. HP: 66/73 MP: 14/14
  6747 | D:6      | Found a shimmering altar of Xom.
  6826 | D:7      | Reached * piety under Okawaru
  6841 | D:7      | Noticed Prince Ribbit
  7133 | D:6      | Killed Prince Ribbit
  7383 | D:7      | Noticed a gargoyle
  7393 | D:6      | Reached skill level 5 in Invocations
  7409 | D:7      | HP: 2/74 [gargoyle/+0 mace (15)]
  7780 | D:6      | Killed a gargoyle
  7780 | D:6      | Reached ** piety under Okawaru
  7833 | D:7      | Identified the +6 rapier of the Ten Visions {freeze, rPois}
  7907 | D:7      | Noticed a cyclops
  7924 | D:7      | Killed a cyclops
  7925 | D:7      | Reached skill level 5 in Short Blades
  7925 | D:7      | Reached skill level 5 in Long Blades
  7925 | D:7      | Reached skill level 5 in Axes
  7925 | D:7      | Reached skill level 5 in Polearms
  7925 | D:7      | Reached skill level 5 in Staves
  7925 | D:7      | Reached skill level 5 in Ranged Weapons
  7925 | D:7      | Reached skill level 5 in Throwing
  7925 | D:7      | Reached skill level 5 in Armour
  7925 | D:7      | Reached skill level 5 in Shields
  7925 | D:7      | Reached skill level 5 in Unarmed Combat
  7925 | D:7      | Reached skill level 5 in Spellcasting
  7925 | D:7      | Reached skill level 5 in Evocations
  7925 | D:7      | Reached XP level 10. HP: 74/82 MP: 15/17
  7977 | D:7      | Reached *** piety under Okawaru
  8327 | D:7      | Received a gift from Okawaru
  8410 | D:7      | Noticed Maggie
  8429 | D:7      | Killed Maggie
  8430 | D:7      | Reached skill level 11 in Stealth
  8563 | D:7      | Found Osega's Neck Hole.
  8788 | D:7      | Killed an unseen horror
  9177 | D:7      | Found a runed translucent door.
  9178 | D:7      | Noticed Crazy Yiuf
  9313 | D:7      | Killed Crazy Yiuf
  9455 | D:8      | Noticed a death yak
  9584 | D:8      | Noticed a death yak
  9585 | D:8      | Found a staircase to the Lair.
  9588 | D:8      | Noticed a death yak
  9642 | D:7      | Killed a death yak
  9860 | D:7      | Killed a death yak
  9860 | D:7      | Reached **** piety under Okawaru
  9861 | D:7      | Reached skill level 5 in Conjurations
  9861 | D:7      | Reached skill level 5 in Hexes
  9861 | D:7      | Reached skill level 5 in Summonings
  9861 | D:7      | Reached skill level 5 in Necromancy
  9861 | D:7      | Reached skill level 5 in Translocations
  9861 | D:7      | Reached skill level 5 in Transmutations
  9861 | D:7      | Reached skill level 5 in Fire Magic
  9861 | D:7      | Reached skill level 5 in Ice Magic
  9861 | D:7      | Reached skill level 5 in Air Magic
  9861 | D:7      | Reached skill level 5 in Earth Magic
  9861 | D:7      | Reached skill level 5 in Poison Magic
  9866 | D:7      | Reached XP level 11. HP: 65/89 MP: 18/20
  9889 | D:7      | Received a gift from Okawaru
 10260 | D:7      | Slain by a death yak

Illustrated notes

Levels and vault maps discovered:
D:1:      evilmike_arrival_home_sweet_home, layout_loops_ring, serial_shops,
          nicolae_shop_crystal
D:2:      layout_basic
D:3:      due_chaos_kobolds, layout_rooms
D:4:      layout_rooms, grunt_temple_overflow_octagram, temple_fountains,
          nicolae_elevator_lobby_asterisk
D:5:      layout_rooms, serial_aquarium, aquarium_bridge_straight
          [aquarium_subvault_bridge, aquarium_subvault_window,
          aquarium_subvault_bridge, aquarium_subvault_wall],
          aquarium_window_fake, aquarium_window_fake, aquarium_view_2b,
          aquarium_balcony_5b, aquarium_pool_side
D:6:      layout_cave_pools, kennysheep_little_box,
          nicolae_ossuary_entry_monument
D:7:      minmay_the_grid_octo_2x2 [minmay_the_grid_octo_odd_swirl,
          minmay_the_grid_octo_focus, minmay_the_grid_octo_concentric,
          minmay_the_grid_octo_prize_star], layout_loops_corners,
          nicolae_shop_sticking_my_neck_out, uniq_prince_ribbit1, uniq_maggie,
          uniq_crazy_yiuf_cottage
D:8:      layout_layer_cave, dpeg_lair_monsters, minmay_misc_feat_columns
Temple:   nicolae_temple_superstar

Skill      XL: |  1  2  3  4  5  6  7  8  9 10 |
---------------+-------------------------------+-----
Stealth        | 10 11 | 11.3
Invocations    | 1 2 3 4 5 6 |  6.7
Short Blades   | 1 2 3 5 6 |  6.1
Long Blades    | 1 2 3 5 6 |  6.1
Axes           | 1 2 3 5 6 |  6.1
Polearms       | 1 2 3 5 6 |  6.1
Staves         | 1 2 3 5 6 |  6.1
Ranged Weapons | 1 2 3 5 6 |  6.1
Throwing       | 1 2 3 5 6 |  6.1
Armour         | 1 2 3 5 6 |  6.1
Shields        | 1 2 3 5 6 |  6.1
Unarmed Combat | 1 2 3 5 6 |  6.1
Spellcasting   | 1 2 3 5 6 |  6.1
Evocations     | 1 2 3 5 6 |  6.1
Conjurations   | 1 2 3 4 5 |  5.1
Hexes          | 1 2 3 4 5 |  5.1
Summonings     | 1 2 3 4 5 |  5.1
Necromancy     | 1 2 3 4 5 |  5.1
Translocations | 1 2 3 4 5 |  5.1
Transmutations | 1 2 3 4 5 |  5.1
Fire Magic     | 1 2 3 4 5 |  5.1
Ice Magic      | 1 2 3 4 5 |  5.1
Air Magic      | 1 2 3 4 5 |  5.1
Earth Magic    | 1 2 3 4 5 |  5.1
Poison Magic   | 1 2 3 4 5 |  5.1
Maces & Flails | 5 6 7 |  7.7
Dodging        | 5 6 7 |  7.7
Fighting       | 7 8 9 |  9.1

Action                   |  1- 3 |  4- 6 |  7- 9 | 10-12 || total
-------------------------+-------+-------+-------+-------++-------
Melee: Mace              |    84 |    40 |       |       ||   124
       Bite              |     9 |    16 |    56 |    35 ||   116
       Trident           |    25 |     3 |       |       ||    28
       Whip              |       |   110 |   482 |       ||   592
       Punch             |       |     1 |    13 |    29 ||    43
       Rapier            |       |       |    22 |   204 ||   226
Invok: Heroism           |       |       |     2 |     5 ||     7
Evoke: Wand              |       |       |     4 |     1 ||     5
  Use: Scroll            |       |     7 |     6 |     5 ||    18
       Potion            |       |     2 |     1 |     1 ||     4
 Stab: Sleeping          |    11 |    10 |    14 |     2 ||    37
       Distracted        |       |     2 |       |     2 ||     4
Armor: Leather armour    |    28 |     2 |       |       ||    30
       Ring mail         |       |    38 |    91 |       ||   129
       Scale mail        |       |       |       |    54 ||    54
Dodge: Dodged            |    72 |    82 |   425 |   161 ||   740
Block: Other             |     7 |    32 |   121 |    43 ||   203
       Reflection        |       |     1 |     6 |     3 ||    10
